 Dungeon Crawl Stone Soup version 0.30-a0-170-g85af917532 (webtiles) character file.

Game seed: 7516208939946351058

521 qw the Chopper (level 7, -2/43 HPs)
             Began as a Gargoyle Fighter on Sept 30, 2022.
             Slain by a rat (3 damage)
             ... summoned by Eustachio
             ... on level 4 of the Dungeon.
             The game lasted 00:01:25 (4049 turns).

qw the Chopper (Gargoyle Fighter)                   Turns: 4049, Time: 00:01:26

Health: -2/43      AC:  0    Str: 22      XL:     7   Next: 21%
Magic:  7/7        EV: 19    Int:  8      God:
Gold:   53         SH:  0    Dex: 12 (14) Spells: 6/6 levels left

rFire   . . .      SeeInvis .    (weapon currently unavailable)
rCold   . . .      Faith    .    (shield currently unavailable)
rNeg    + . .      Spirit   .    (body armour currently unavailable)
rPois   inf        Reflect  .    (helmet currently unavailable)
rElec   .          Harm     .    (cloak currently unavailable)
rCorr   .          Rampage  .    (gloves currently unavailable)
Will    .....                    (boots currently unavailable)
Stlth   +.........               (no amulet)
HPRegen 0.14/turn                (ring currently unavailable)
MPRegen 0.10/turn                (ring currently unavailable)

@: about to teleport, bat-form (expiring), flying, very quick
A: fast, flying, no casting, sickness immunity, AC +4, tiny, negative energy
resistance 1, (electricity resistance), torment resistance 1, petrification
resistance
a: no special abilities


You were on level 4 of the Dungeon.
You were a bat.
You visited 1 branch of the dungeon, and saw 4 of its levels.

You collected 53 gold pieces.


Innate Abilities, Weirdness & Mutations

You are a bat.
You are tiny and dextrous.
You move quickly.
You are flying.
Your equipment is almost entirely melded.
You are incapable of wielding weapons or throwing items.
You cannot cast spells.
You are immune to sickness and miasma.
((Your stone body is resilient. (AC +4)))
You are immune to poison.
You resist negative energy. (rN+)
((You are resistant to electric shocks. (rElec)))
You are resistant to unholy torment.
You are immune to petrification.


   Skills:
 - Level 4.0 Fighting
 + Level 5.5 Axes
 - Level 3.2 Armour
 - Level 3.1 Dodging
 - Level 3.2 Shields


You had 6 spell levels left.
You didn't know any spells.
Your spell library was empty.

Inventory:

Hand Weapons
 b - a +0 flail
 Y - a +1 war axe (melded)
Missiles
 n - 3 boomerangs (quivered)
Armour
 c - a +0 buckler (melded)
 f - a +0 cloak (melded)
 p - a +2 helmet (melded)
 r - a +0 plate armour (melded)
Jewellery
 g - a ring of resist corrosion (melded)
Scrolls
 a - a scroll of teleportation
Potions
 d - a potion of might
 e - a potion of brilliance {unknown}
 h - a potion of resistance
 i - a potion of berserk rage {unknown}
 j - a potion of attraction {unknown}
 k - a potion of flight {unknown}
 l - a potion of cancellation {unknown}
 m - a potion of lignification {unknown}
 o - 3 potions of curing
 q - a potion of ambrosia {unknown}

Dungeon Overview and Level Annotations

Branches:
Dungeon (4/15)
 Temple: D:4-7

Altars:

Shops:
D:1 *

Annotations:
D:2 1 runed translucent door, Crazy Yiuf
D:3 2 transporters, qw's ghost, amateur GrFi
D:4 Eustachio


Message History

You closely miss Eustachio.
Eustachio is lightly wounded.
The quasit misses you. The quasit completely misses you.
The quasit barely misses you. The rat misses you.
The shadow imp completely misses you. The shadow imp misses you.
You hit Eustachio but do no damage.
Eustachio is lightly wounded.
The quasit misses you. The quasit barely misses you. The quasit claws you.
Eustachio mumbles some strange words.
The rat closely misses you. The shadow imp completely misses you.
The shadow imp hits you.
You hit Eustachio but do no damage.
Eustachio is lightly wounded.
The quasit closely misses you. The quasit completely misses you. x2
Eustachio closely misses you. The rat bites you.
The shadow imp closely misses you. The shadow imp barely misses you.
The quasit closely misses you. The quasit completely misses you.
The quasit misses you.
You hit Eustachio.
Eustachio is lightly wounded.
The rat completely misses you. Eustachio closely misses you.
The rat completely misses you. The quasit completely misses you. x2
The quasit claws you.
You feel clumsy.
4048 ||| READING 2 scrolls of teleportation.
As you read the scroll of teleportation, it crumbles to dust.
You feel strangely unstable.
The shadow imp misses you. x2; The rat misses you.
Eustachio closely misses you. The rat bites you. The quasit closely misses you.
The quasit misses you. The quasit closely misses you.
You hit Eustachio.
Eustachio is lightly wounded.
Your transformation is almost over.
The shadow imp closely misses you. The shadow imp barely misses you.
The rat bites you. The quasit bites you.
You feel clumsy. The quasit misses you. The quasit claws you.
Eustachio casts a spell.
Eustachio blinks!
The rat bites you.
You die...

############
#........%.#
#.....rrr..#
#.....5b<..#
#......55.?#
#..........#
#..........#
.@.........#
...........#
......)....#
#...........


You could see Eustachio, a quasit (summoned), 2 shadow imps, a quokka (summoned)
and 2 rats.

Vanquished Creatures
  Grinder (D:3)
  Sigmund (D:2)
  Jessica (D:3)
  Robin (D:2)
  3 adders
  A worm (D:2)
  4 dart slugs
  3 orcs (D:3)
  8 ball pythons
  4 bats
  6 endoplasms
  9 hobgoblins
  3 jackals (D:1)
  3 kobolds (D:2)
  5 quokkas
  A frilled lizard (D:3)
  19 goblins
  9 rats
82 creatures vanquished.

Vanquished Creatures (others)
  A fungus (D:1)
  22 plants
23 creatures vanquished.

Grand Total: 105 creatures vanquished

Notes
Turn   | Place    | Note
-------+----------+-------------------------------------------
     0 | D:1      | qw the Gargoyle Fighter began the quest for the Orb.
     0 | D:1      | Reached XP level 1. HP: 14/14 MP: 1/1
     0 | D:1      | 0 ||| qw: Version: 0.2-a-12-gaebbb33
     0 | D:1      | 0 ||| qw: Game counter: 1430
     0 | D:1      | 0 ||| qw: Always use a shield: true
     0 | D:1      | 0 ||| qw: God list: Okawaru
     0 | D:1      | 0 ||| qw: Allow faded altars: false
     0 | D:1      | 0 ||| qw: Do Orc after D:15 true
     0 | D:1      | 0 ||| qw: Do second Lair branch before Depths: true
     0 | D:1      | 0 ||| qw: Lair rune preference: random
     0 | D:1      | 0 ||| qw: Plans: Normal, Zot:1-4, God:TSO, Crypt, Tomb,
                  | Pan, Slime:5, Hells, Abyss, Orb
     0 | D:1      | 0 ||| PLANNING D:1-11
    30 | D:1      | Reached skill level 2 in Axes
    31 | D:1      | 31 ||| Stepping ~*~*~tactically~*~*~ (stealth).
    37 | D:1      | 37 ||| Stepping ~*~*~tactically~*~*~ (stealth).
    55 | D:1      | 55 ||| Stepping ~*~*~tactically~*~*~ (stealth).
    65 | D:1      | Reached XP level 2. HP: 13/19 MP: 2/2
   435 | D:1      | Found Voavul's General Store.
   443 | D:1      | 443 ||| SHOPLISTING +2 whip of electrocution (182 gold,
                  | have 0).
   443 | D:1      | 443 ||| SHOPLISTING potion of attraction (30 gold, have 0).
   443 | D:1      | 443 ||| SHOPLISTING potion of lignification (30 gold, have
                  | 0).
   443 | D:1      | 443 ||| SHOPLISTING potion of resistance (100 gold, have
                  | 0).
   580 | D:1      | Reached skill level 3 in Axes
   706 | D:1      | 706 ||| Stepping ~*~*~tactically~*~*~ (hiding).
   717 | D:1      | Reached XP level 3. HP: 23/23 MP: 3/3
   722 | D:1      | Found a faded altar of an unknown god.
   735 | D:1      | 735 ||| Stepping ~*~*~tactically~*~*~ (stealth).
   736 | D:1      | 736 ||| Stepping ~*~*~tactically~*~*~ (stealth).
   746 | D:1      | 746 ||| Stepping ~*~*~tactically~*~*~ (stealth).
  1052 | D:1      | 1052 ||| UPGRADING to +0 cloak.
  1057 | D:1      | 1057 ||| READING scroll labelled ZUAXODEEBO.
  1058 | D:1      | 1058 ||| READING scroll labelled GAUGYSHRARUE.
  1059 | D:1      | 1059 ||| READING scroll labelled LAIL SANEUVOF.
  1063 | D:1      | 1063 ||| READING scroll labelled SEAZXI WEUSM.
  1151 | D:2      | Noticed Sigmund
  1161 | D:2      | 1161 ||| FLEEEEING.
  1162 | D:2      | 1162 ||| STAIRDANCE
  1361 | D:2      | 1361 ||| STAIRDANCE
  1598 | D:2      | 1598 ||| STAIRDANCE
  1600 | D:2      | 1600 ||| STAIRDANCE
  1602 | D:2      | 1602 ||| STAIRDANCE
  1606 | D:2      | 1606 ||| STAIRDANCE
  1606 | D:2      | HP: 2/23 [something (9)]
  1931 | D:2      | 1931 ||| Stepping ~*~*~tactically~*~*~ (hiding).
  1947 | D:2      | Killed Sigmund
  1948 | D:2      | Reached skill level 5 in Axes
  1948 | D:2      | Reached XP level 4. HP: 12/28 MP: 4/4
  1948 | D:2      | Reached XP level 5. HP: 14/32 MP: 5/5
  2221 | D:2      | 2221 ||| Stepping ~*~*~tactically~*~*~ (stealth).
  2244 | D:2      | Reached XP level 6. HP: 37/37 MP: 6/6
  2714 | D:2      | 2714 ||| Stepping ~*~*~tactically~*~*~ (stealth).
  2723 | D:2      | 2723 ||| Stepping ~*~*~tactically~*~*~ (stealth).
  2725 | D:2      | 2725 ||| Stepping ~*~*~tactically~*~*~ (hiding).
  2800 | D:2      | Noticed Robin
  2801 | D:2      | 2801 ||| Stepping ~*~*~tactically~*~*~ (hiding).
  2814 | D:2      | Killed Robin
  2823 | D:2      | Found a runed translucent door.
  2824 | D:2      | Noticed Crazy Yiuf
  2827 | D:2      | 2827 ||| DROPPING scarf of harm.
  2828 | D:2      | 2828 ||| UPGRADING to +1 helmet.
  2833 | D:2      | 2833 ||| UPGRADING to ring of resist corrosion.
  2834 | D:2      | 2834 ||| READING scroll labelled HIMIAM ZETRIENK.
  2835 | D:2      | 2835 ||| READING scroll labelled FUKOSICUTH.
  2836 | D:2      | 2836 ||| DRINKING 2 ruby potions.
  3013 | D:3      | Found a transporter.
  3240 | D:3      | Noticed Grinder
  3241 | D:3      | 3241 ||| Stepping ~*~*~tactically~*~*~ (hiding).
  3245 | D:3      | 3245 ||| Stepping ~*~*~tactically~*~*~ (hiding).
  3252 | D:3      | Paralysed by Grinder for 3 turns
  3267 | D:3      | Killed Grinder
  3268 | D:3      | Reached skill level 3 in Dodging
  3268 | D:3      | Reached XP level 7. HP: 24/43 MP: 7/7
  3270 | D:3      | 3270 ||| FLEEEEING.
  3271 | D:3      | 3271 ||| FLEEEEING.
  3272 | D:3      | 3272 ||| FLEEEEING.
  3273 | D:3      | 3273 ||| FLEEEEING.
  3274 | D:3      | 3274 ||| FLEEEEING.
  3275 | D:3      | 3275 ||| FLEEEEING.
  3276 | D:3      | 3276 ||| FLEEEEING.
  3277 | D:3      | 3277 ||| FLEEEEING.
  3278 | D:3      | 3278 ||| FLEEEEING.
  3279 | D:3      | 3279 ||| FLEEEEING.
  3280 | D:3      | 3280 ||| FLEEEEING.
  3281 | D:3      | 3281 ||| FLEEEEING.
  3282 | D:3      | 3282 ||| FLEEEEING.
  3283 | D:3      | 3283 ||| FLEEEEING.
  3284 | D:3      | 3284 ||| FLEEEEING.
  3285 | D:3      | 3285 ||| FLEEEEING.
  3286 | D:3      | 3286 ||| FLEEEEING.
  3287 | D:3      | 3287 ||| FLEEEEING.
  3288 | D:3      | 3288 ||| FLEEEEING.
  3289 | D:3      | 3289 ||| FLEEEEING.
  3290 | D:3      | 3290 ||| FLEEEEING.
  3291 | D:3      | 3291 ||| FLEEEEING.
  3292 | D:3      | 3292 ||| FLEEEEING.
  3293 | D:3      | 3293 ||| FLEEEEING.
  3294 | D:3      | 3294 ||| STAIRDANCE
  3491 | D:2      | 3491 ||| UPGRADING to +0 plate armour.
  3501 | D:2      | 3501 ||| DROPPING +0 scale mail.
  3502 | D:2      | 3502 ||| READING 2 scrolls labelled AWADEV ZUGOQEWK.
  3503 | D:2      | 3503 ||| READING scroll labelled MADYUZXEUXUMA.
  3504 | D:2      | 3504 ||| DROPPING scroll of immolation.
  3559 | D:3      | 3559 ||| READING scroll of enchant armour.
  3559 | D:3      | 3559 ||| ENCHANTING +1 helmet.
  3575 | D:3      | Found a transporter.
  3788 | D:3      | 3788 ||| DROPPING +0 mace.
  3839 | D:3      | Noticed qw's ghost (amateur GrFi)
  3903 | D:3      | Noticed Jessica
  3904 | D:3      | 3904 ||| Stepping ~*~*~tactically~*~*~ (hiding).
  3905 | D:3      | 3905 ||| Stepping ~*~*~tactically~*~*~ (stealth).
  3906 | D:3      | 3906 ||| Stepping ~*~*~tactically~*~*~ (stealth).
  3908 | D:3      | 3908 ||| Stepping ~*~*~tactically~*~*~ (stealth).
  3909 | D:3      | 3909 ||| Stepping ~*~*~tactically~*~*~ (stealth).
  3913 | D:3      | Killed Jessica
  4028 | D:4      | Noticed Eustachio
  4047 | D:4      | HP: 10/43 [quasit[Eustachio] (1)]
  4048 | D:4      | 4048 ||| READING 2 scrolls of teleportation.
  4049 | D:4      | HP: 3/43 [quasit[Eustachio] (2)]
  4049 | D:4      | HP: 1/43 [quasit[Eustachio] (2)]
  4049 | D:4      | Slain by a rat

Levels and vault maps discovered:
D:1:      mrwooster_arrival_statue_2, layout_loops_ring, serial_shops,
          nicolae_shop_trees, shapermc_ecumenical_altar_mp_urbaneastern
D:2:      layout_loops_ring, uniq_robin, uniq_sigmund, uniq_crazy_yiuf_cottage
D:3:      layout_loops_cross, gammafunk_ghost_stat_death, minivault_11,
          serial_bayou_lagoon_a, minivault_26, kennysheep_jessica_study,
          uniq_grinder
D:4:      layout_rooms, minmay_small_thing, uniq_edmund, uniq_eustachio,
          uniq_natasha

Skill      XL: |  1  2  3  4  5  6 |
---------------+-------------------+-----
Axes           | 2 3 5 |  5.5
Fighting       | 4 |  4.0
Dodging        | 3 |  3.1
Armour         | |  3.2
Shields        | |  3.2

Action                   |  1- 3 |  4- 6 |  7- 9 || total
-------------------------+-------+-------+-------++-------
Melee: War axe           |   103 |   111 |    15 ||   229
       Unarmed           |       |       |    18 ||    18
Throw: Boomerang         |       |     8 |    10 ||    18
  Use: Scroll            |     4 |     2 |     4 ||    10
       Potion            |       |     1 |       ||     1
Armor: Scale mail        |    50 |    61 |     1 ||   112
       Plate armour      |       |       |     8 ||     8
Dodge: Dodged            |    58 |    29 |    64 ||   151
Block: Buckler           |    17 |    13 |     2 ||    32

Table legend:
 A = Non-vault XP
 B = Vault XP
 C = Vault XP percentage of total XP
 D = Non-vault monster count
 E = Vault monster count
 F = Vault count percentage of total count
                 A         B        C        D         E       F
            +---------+---------+-------+---------+---------+-------
      Total |     162 |     583 |  78.3 |      66 |      16 |  19.5
            +---------+---------+-------+---------+---------+-------
        D:1 |      62 |       0 |   0.0 |      26 |       0 |   0.0
        D:2 |      63 |     263 |  80.7 |      21 |      13 |  38.2
        D:3 |      36 |     320 |  89.9 |      18 |       3 |  14.3
        D:4 |       1 |       0 |   0.0 |       1 |       0 |   0.0
            +---------+---------+-------+---------+---------+-------
